 Dungeon Crawl Stone Soup version 0.30-a0-222-ge547ba4400 (webtiles) character file.

Game seed: 12800825928790497856

350 qw the Chopper (level 6, 0/38 HPs)
             Began as a Gargoyle Fighter on Oct 8, 2022.
             Slain by Edmund
             ... wielding a +4 flail of holy wrath
              (6 damage)
             ... on level 5 of the Dungeon.
             The game lasted 00:01:18 (2934 turns).

qw the Chopper (Gargoyle Fighter)                   Turns: 2934, Time: 00:01:18

Health: 0/38       AC:  0    Str: 22    XL:     6   Next: 61%
Magic:  6/6        EV: 17    Int:  8    God:
Gold:   171        SH:  0    Dex: 14    Spells: 5/5 levels left

rFire   . . .      SeeInvis .    (weapon currently unavailable)
rCold   . . .      Faith    .    (shield currently unavailable)
rNeg    + . .      Spirit   .    (body armour currently unavailable)
rPois   inf        Reflect  .    (helmet currently unavailable)
rElec   .          Harm     .    (cloak currently unavailable)
rCorr   .          Rampage  .    (gloves currently unavailable)
Will    .....                    (boots currently unavailable)
Stlth   +.........               s - amulet of the acrobat
HPRegen 0.26/turn                (ring currently unavailable)
MPRegen 0.10/turn                (ring currently unavailable)

@: about to teleport, bat-form, flying, very quick
A: fast, flying, no casting, sickness immunity, AC +4, tiny, negative energy
resistance 1, (electricity resistance), torment resistance 1, petrification
resistance
a: no special abilities


You were on level 5 of the Dungeon.
You were a bat.
You visited 1 branch of the dungeon, and saw 5 of its levels.

You collected 171 gold pieces.


Innate Abilities, Weirdness & Mutations

You are a bat.
You are tiny and dextrous.
You move quickly.
You are flying.
Your equipment is almost entirely melded.
You are incapable of wielding weapons or throwing items.
You cannot cast spells.
You are immune to sickness and miasma.
((Your stone body is resilient. (AC +4)))
You are immune to poison.
You resist negative energy. (rN+)
((You are resistant to electric shocks. (rElec)))
You are resistant to unholy torment.
You are immune to petrification.


   Skills:
 - Level 4.2 Fighting
 - Level 5.8 Axes
 - Level 3.2 Armour
 + Level 0.0 Dodging
 - Level 3.2 Shields


You had 5 spell levels left.
You didn't know any spells.
Your spell library was empty.

Inventory:

Hand Weapons
 p - a +0 flail
 Y - a +0 broad axe (melded)
Missiles
 k - 2 boomerangs (quivered)
Armour
 c - a +0 buckler (melded)
 e - a +0 pair of boots (melded)
 l - a +0 cloak (melded)
 o - the +7 ring mail of Lies (melded) {rC+}
   (You found it on level 4 of the Dungeon)

   rC:        It protects you from cold.
Jewellery
 i - a ring of protection from cold (melded)
 n - a ring of ice
 r - a +4 ring of protection (melded)
 s - an amulet of the acrobat (around neck)
Scrolls
 a - 2 scrolls of identify
Potions
 b - a potion of curing
 d - 3 potions of might
 g - a potion of lignification
 h - 2 potions of haste
 j - a potion of heal wounds

Dungeon Overview and Level Annotations

Branches:
Dungeon (5/15)
 Temple: D:4-7

Altars:
Qazlal
Vehumet

Annotations:
D:4 2 transporters, qw's ghost, amateur GrFi
D:5 Edmund


Message History

You hit Edmund but do no damage.
Edmund is lightly wounded.
Edmund zaps a wand.
You turn into a bat.
Your +0 broad axe melds into your body.
Your +0 cloak melds into your body.
Your +0 pair of boots melds into your body.
Your +0 buckler melds into your body.
The +7 ring mail of Lies {rC+} melds into your body.
Your ring of protection from cold melds into your body.
Your +4 ring of protection melds into your body.
Edmund barely misses you.
You hit Edmund but do no damage.
Edmund is lightly wounded.
You hit Edmund.
Edmund is lightly wounded.
Edmund grinds his teeth, and then sighs.
Edmund barely misses you.
You hit Edmund but do no damage.
Edmund is lightly wounded.
Edmund hits you with a +4 flail of holy wrath!
You hit Edmund but do no damage.
Edmund is lightly wounded.
Edmund completely misses you.
You barely miss Edmund.
Edmund is lightly wounded.
Edmund says, "People think my brother is the best.
I think he's crazy."
Edmund hits you with a +4 flail of holy wrath.
You hit Edmund but do no damage.
Edmund is lightly wounded.
Edmund hits you with a +4 flail of holy wrath!
You hit Edmund.
Edmund is lightly wounded.
Edmund misses you.
You hit Edmund.
Edmund is moderately wounded.
Edmund hits you with a +4 flail of holy wrath!
2934 ||| READING scroll of teleportation.
As you read the scroll of teleportation, it crumbles to dust.
You feel strangely unstable.
Edmund hits you with a +4 flail of holy wrath.
You die...

#.... ....#
....###....
...>..[.... .
....... . (....
#) ... #.##@# #
###..#b#####.#..
#...............
......#.#<.......
..........###.###
........#.#
........#.#
...######.# ...
#.# . ..#


You could see Edmund.

Vanquished Creatures
  A necrophage (D:4)
  An orc priest (D:4)
  2 iguanas (D:4)
  3 orc wizards
  4 adders
  2 worms
  3 dart slugs
  10 orcs
  5 bats (D:3)
  5 endoplasms
  3 giant cockroaches (D:1)
  8 hobgoblins
  3 quokkas
  6 ball pythons
  3 frilled lizards
  12 goblins
  5 kobolds
  4 rats
80 creatures vanquished.

Vanquished Creatures (others)
  2 plants (D:3)
2 creatures vanquished.

Grand Total: 82 creatures vanquished

Notes
Turn   | Place    | Note
-------+----------+-------------------------------------------
     0 | D:1      | qw the Gargoyle Fighter began the quest for the Orb.
     0 | D:1      | Reached XP level 1. HP: 14/14 MP: 1/1
     0 | D:1      | 0 ||| qw: Version: 0.2-a-17-g06abaee
     0 | D:1      | 0 ||| qw: Game counter: 2037
     0 | D:1      | 0 ||| qw: Always use a shield: true
     0 | D:1      | 0 ||| qw: God list: Okawaru
     0 | D:1      | 0 ||| qw: Allow faded altars: false
     0 | D:1      | 0 ||| qw: Do Orc after D:15 true
     0 | D:1      | 0 ||| qw: Do second Lair branch before Depths: true
     0 | D:1      | 0 ||| qw: Lair rune preference: random
     0 | D:1      | 0 ||| qw: Plans: Normal, Zot:1-4, God:TSO, Crypt, Tomb,
                  | Pan, Slime:5, Hells, Abyss, Orb
     0 | D:1      | 0 ||| PLANNING D:1-11
    60 | D:1      | 60 ||| Stepping ~*~*~tactically~*~*~ (hiding).
    61 | D:1      | 61 ||| Stepping ~*~*~tactically~*~*~ (hiding).
    62 | D:1      | 62 ||| Stepping ~*~*~tactically~*~*~ (hiding).
    63 | D:1      | 63 ||| Stepping ~*~*~tactically~*~*~ (hiding).
    65 | D:1      | 65 ||| Stepping ~*~*~tactically~*~*~ (hiding).
    74 | D:1      | Reached skill level 2 in Axes
   116 | D:1      | 116 ||| Stepping ~*~*~tactically~*~*~ (stealth).
   117 | D:1      | 117 ||| Stepping ~*~*~tactically~*~*~ (stealth).
   145 | D:1      | 145 ||| Stepping ~*~*~tactically~*~*~ (stealth).
   146 | D:1      | 146 ||| Stepping ~*~*~tactically~*~*~ (stealth).
   151 | D:1      | Reached XP level 2. HP: 18/19 MP: 2/2
   624 | D:1      | Reached skill level 3 in Axes
   696 | D:1      | Reached XP level 3. HP: 23/23 MP: 3/3
   901 | D:1      | 901 ||| Stepping ~*~*~tactically~*~*~ (stealth).
   942 | D:1      | 942 ||| UPGRADING to +0 cloak.
   947 | D:1      | 947 ||| READING 3 scrolls labelled LUBRAG KOJOK.
   948 | D:1      | 948 ||| READING scroll labelled CUHACW BARIRGHEFF.
   949 | D:1      | 949 ||| READING scroll labelled SUXADDONIR.
   952 | D:1      | 952 ||| READING scroll labelled BEANEU UTHREW.
   953 | D:1      | 953 ||| DRINKING 2 fuming clear potions.
   991 | D:1      | 991 ||| READING 2 scrolls of identify.
   991 | D:1      | 991 ||| IDENTIFYING clear potion
  1154 | D:2      | Found a stormy altar of Qazlal.
  1376 | D:2      | 1376 ||| Stepping ~*~*~tactically~*~*~ (hiding).
  1611 | D:2      | 1611 ||| UPGRADING to +0 chain mail.
  1621 | D:2      | 1621 ||| DROPPING +0 scale mail.
  1622 | D:2      | 1622 ||| READING scroll labelled RITUEN NAOSUD.
  1623 | D:2      | 1623 ||| READING 2 scrolls of identify.
  1623 | D:2      | 1623 ||| IDENTIFYING sapphire potion
  1693 | D:3      | 1693 ||| DROPPING +0 club.
  1707 | D:3      | Reached XP level 4. HP: 28/28 MP: 4/4
  1722 | D:3      | 1722 ||| Stepping ~*~*~tactically~*~*~ (stealth).
  1757 | D:3      | 1757 ||| Stepping ~*~*~tactically~*~*~ (stealth).
  1759 | D:3      | Reached skill level 4 in Axes
  1799 | D:3      | 1799 ||| Stepping ~*~*~tactically~*~*~ (stealth).
  1800 | D:3      | 1800 ||| Stepping ~*~*~tactically~*~*~ (stealth).
  1808 | D:3      | 1808 ||| Stepping ~*~*~tactically~*~*~ (stealth).
  1809 | D:3      | 1809 ||| Stepping ~*~*~tactically~*~*~ (stealth).
  1810 | D:3      | 1810 ||| Stepping ~*~*~tactically~*~*~ (stealth).
  1854 | D:3      | 1854 ||| Stepping ~*~*~tactically~*~*~ (stealth).
  1857 | D:3      | 1857 ||| DRINKING potion of curing.
  1857 | D:3      | 1857 ||| (to cure confusion)
  1870 | D:3      | 1870 ||| DROPPING +0 whip.
  2223 | D:3      | 2223 ||| UPGRADING to +0 pair of boots.
  2228 | D:3      | 2228 ||| UPGRADING to ring of protection from cold.
  2229 | D:3      | 2229 ||| READING scroll labelled IWNANTAOWK.
  2230 | D:3      | 2230 ||| READING 4 scrolls of identify.
  2230 | D:3      | 2230 ||| IDENTIFYING fizzy purple potion
  2231 | D:3      | 2231 ||| READING 3 scrolls of identify.
  2231 | D:3      | 2231 ||| IDENTIFYING metallic green potion
  2232 | D:3      | 2232 ||| READING 2 scrolls of identify.
  2232 | D:3      | 2232 ||| IDENTIFYING puce potion
  2233 | D:3      | 2233 ||| DROPPING potion of flight.
  2234 | D:3      | 2234 ||| DROPPING potion of ambrosia.
  2286 | D:4      | Reached XP level 5. HP: 32/32 MP: 5/5
  2349 | D:4      | 2349 ||| Stepping ~*~*~tactically~*~*~ (hiding).
  2360 | D:4      | Reached skill level 5 in Axes
  2384 | D:4      | 2384 ||| FLEEEEING.
  2412 | D:4      | 2412 ||| Stepping ~*~*~tactically~*~*~ (hiding).
  2496 | D:4      | Reached XP level 6. HP: 38/38 MP: 6/6
  2562 | D:4      | Identified the +7 ring mail of Lies {rC+}
  2565 | D:4      | 2565 ||| Stepping ~*~*~tactically~*~*~ (hiding).
  2596 | D:4      | 2596 ||| Stepping ~*~*~tactically~*~*~ (hiding).
  2633 | D:4      | Found a radiant altar of Vehumet.
  2649 | D:4      | Found a transporter.
  2654 | D:4      | Noticed qw's ghost (amateur GrFi)
  2655 | D:4      | Found a transporter.
  2699 | D:4      | 2699 ||| READING scroll of brand weapon.
  2699 | D:4      | 2699 ||| BRANDING +0 vorpal war axe.
  2772 | D:4      | 2772 ||| SWAPPING to +0 broad axe.
  2773 | D:4      | 2773 ||| DROPPING +0 war axe of draining.
  2876 | D:4      | 2876 ||| UPGRADING to +7 ring mail of Lies {rC+}.
  2886 | D:4      | 2886 ||| DROPPING +0 chain mail.
  2887 | D:4      | 2887 ||| UPGRADING to amulet of the acrobat.
  2892 | D:4      | 2892 ||| UPGRADING to +4 ring of protection.
  2893 | D:4      | 2893 ||| READING scroll labelled POFAHO XYENI.
  2911 | D:5      | Entered Level 5 of the Dungeon
  2916 | D:5      | Noticed Edmund
  2917 | D:5      | 2917 ||| Stepping ~*~*~tactically~*~*~ (hiding).
  2933 | D:5      | HP: 6/38 [Edmund/+4 flail of holy wrath (7)]
  2934 | D:5      | 2934 ||| READING scroll of teleportation.
  2934 | D:5      | Slain by Edmund

Levels and vault maps discovered:
D:1:      dpeg_arrival_connections, layout_basic
D:2:      layout_basic, basic_altar
D:3:      layout_rooms, serial_bayou_pond_b
D:4:      layout_gridville, kennysheep_mini, gammafunk_ghost_mausoleum,
          solitary_fountain
D:5:      layout_basic, dk_yredelemnul_ordeal, uniq_edmund, uniq_pikel

Skill      XL: |  1  2  3  4  5 |
---------------+----------------+-----
Axes           | 2 3 4 5 |  5.8
Fighting       | 4 |  4.2
Armour         | |  3.2
Shields        | |  3.2

Action                   |  1- 3 |  4- 6 || total
-------------------------+-------+-------++-------
Melee: War axe           |    82 |    97 ||   179
       Broad axe         |       |     9 ||     9
       Unarmed           |       |     8 ||     8
Throw: Boomerang         |    33 |    41 ||    74
  Use: Scroll            |     7 |     7 ||    14
       Potion            |     1 |     1 ||     2
Armor: Scale mail        |    30 |       ||    30
       Chain mail        |     7 |    62 ||    69
Dodge: Dodged            |    33 |    38 ||    71
Block: Buckler           |    11 |    18 ||    29

Table legend:
 A = Non-vault XP
 B = Vault XP
 C = Vault XP percentage of total XP
 D = Non-vault monster count
 E = Vault monster count
 F = Vault count percentage of total count
                 A         B        C        D         E       F
            +---------+---------+-------+---------+---------+-------
      Total |     495 |       6 |   1.2 |      77 |       3 |   3.8
            +---------+---------+-------+---------+---------+-------
        D:1 |      40 |       0 |   0.0 |      22 |       0 |   0.0
        D:2 |      36 |       0 |   0.0 |      14 |       0 |   0.0
        D:3 |      82 |       6 |   6.8 |      18 |       3 |  14.3
        D:4 |     337 |       0 |   0.0 |      23 |       0 |   0.0
            +---------+---------+-------+---------+---------+-------
